 Dungeon Crawl Stone Soup version 0.17-a0-1719-g1afd5a1 (webtiles) character file.

2608 kae the Martial Artist (level 9, 0/64 HPs)
             Began as a Yellow Draconian Transmuter on Aug 28, 2015.
             Was a Believer of Qazlal.
             Slain by an orc warrior
             ... wielding a +1 trident of protection
              (7 damage)
             ... on level 7 of the Dungeon.
             The game lasted 00:13:20 (10041 turns).

kae the Martial Artist (DrTm)                      Turns: 10041, Time: 00:13:20

Health: 0/64       AC: 10    Str: 13    XL:     9   Next: 34%
Magic:  12/12      EV: 12    Int: 13    God:    Qazlal [**....]
Gold:   166        SH:  8    Dex: 15    Spells: 4 memorised, 1 level left

rFire  . . .     SeeInvis .       - Unarmed
rCold  . . .     Clarity  .     (armour unavailable)
rNeg   . . .     SustAt   .     C - +0 buckler
rPois  .         Gourm    .     (helmet restricted)
rElec  .         Spirit   .     B - +0 cloak {MR+}
rCorr  +         Warding  .     s - +0 pair of gloves
rMut   .         Stasis   .     e - +0 pair of boots
MR     +....                    (no amulet)
Stlth  +.........               D - ring of wizardry
                                t - ring of wizardry

@: somewhat resistant to hostile enchantments, very unstealthy
A: spit acid, acid resistance, unfitting armour, sense surroundings 1,
cold-blooded, AC +7
a: Spit Acid, Upheaval, Renounce Religion


You were on level 7 of the Dungeon.
You worshipped Qazlal.
Qazlal was pleased with you.
You were not hungry.

You visited 2 branches of the dungeon, and saw 8 of its levels.

You collected 341 gold pieces.
You spent 175 gold pieces at shops.

Inventory:

Missiles
 a - 159 arrows
 i - 17 arrows of frost
 k - 23 poisoned arrows
 q - 10 arrows of flame
Armour
 e - a +0 pair of boots (worn)
 s - a +0 pair of gloves (worn)
 B - a +0 cloak of magic resistance (worn)
 C - a +0 buckler (worn)
Jewellery
 t - a ring of wizardry (left hand)
 u - an uncursed ring of protection from fire
 D - a ring of wizardry (right hand)
 F - a +1 ring of evasion {unknown}
Magical devices
 n - a wand of random effects (48)
 v - a wand of enslavement (14)
 H - a wand of flame (21)
 I - a wand of slowing (27)
Scrolls
 f - 5 scrolls of identify
 h - a scroll of fog
 p - 2 scrolls of noise
 y - 3 scrolls of remove curse
 A - a scroll of recharging
Potions
 g - 3 potions of haste
 j - 5 potions of brilliance
 l - a potion of invisibility
 o - 2 potions of might
 r - a potion of lignification
 w - a potion of curing
 x - 2 potions of flight
Books
 b - a book of Changes

   Spells                             Type                      Level
   a - Beastly Appendage              Transmutation                1
   b - Sticks to Snakes               Transmutation                2
   c - Spider Form                    Transmutation/Poison         3
   d - Ice Form                       Ice/Transmutation            4
   e - Blade Hands                    Transmutation                5
Comestibles
 c - 6 bread rations
 d - 7 meat rations
 m - a slice of pizza
 z - 2 fruits
 E - a beef jerky
 G - 3 chunks of flesh


   Skills:
 - Level 1.1 Fighting
 - Level 1.7 Dodging
 - Level 5.8 Shields
 - Level 10.0 Unarmed Combat
 - Level 2.0 Spellcasting
 + Level 6.2 Transmutations


You had one spell level left.
You knew the following spells:

 Your Spells              Type           Power        Failure   Level  Hunger
a - Beastly Appendage     Trmt           ###...       1%          1    ##.....
b - Sticks to Snakes      Trmt           ###.......   1%          2    ###....
c - Spider Form           Trmt/Pois      #.........   5%          3    ####...
d - Blade Hands           Trmt           ###.......   21%         5    ######.


Dungeon Overview and Level Annotations

Branches:
Dungeon (7/15)             Temple (1/1) D:4

Altars:
Ashenzari
Dithmenos
Elyvilon
Gozag
Kikubaaqudgha
Qazlal
Ru
Trog
Yredelemnul
Jiyva

Shops:
D:5 [[[

Annotations:
D:3 kae's ghost, average DsGl


Innate Abilities, Weirdness & Mutations

You can spit globs of acid.
You are resistant to acid.
Your golden yellow scales are hard (AC +7).
Your body does not fit into most forms of armour.
You are cold-blooded and may be slowed by cold attacks.
You passively map a small area around you.


Message History

The orc warrior is almost dead.
The orc warrior hits you with a trident of protection!
You hit the orc warrior but do no damage.
The orc warrior is almost dead.
You hit the orc warrior but do no damage.
The orc warrior is almost dead.
You block the orc warrior's attack.
You closely miss the orc warrior.
The orc warrior is almost dead.
The orc warrior hits you with a trident of protection!!
* * * LOW HITPOINT WARNING * * *
You hit the orc warrior but do no damage.
The orc warrior is almost dead.
The orc warrior hits you but does no damage.
You hit the orc warrior but do no damage.
The orc warrior is almost dead.
You closely miss the orc warrior.
The orc warrior is almost dead.
The orc warrior hits you with a trident of protection!
You die...

*#..............
#...##...##.# * *
#.....##....#
##......##..#
##)))....###
##).(.....#
####).###..##
#######..)......####
#..##...@o.).>...(..
##....).)...<.....#*
#......###########
##.....## #..#..## *
#####.## #..# #<.# ,
#..#


You could see an orc warrior.

Vanquished Creatures
  A troll (D:6)
  Eustachio (D:6)
  A water moccasin (D:6)
  2 black bears (D:6)
  A sky beast (D:6)
  An ogre (D:4)
  A phantom (D:7)
  5 centaurs
  A water moccasin zombie (D:6)
  A giant frog (D:6)
  3 scorpions
  A centaur zombie (D:6)
  3 crimson imps
  5 jellies (D:6)
  3 orc priests
  2 gnoll shamans (D:7)
  Ijyb (D:3)
  2 centaur skeletons (D:5)
  An iguana (D:6)
  5 orc wizards
  2 worker ants (D:6)
  2 hound zombies (D:6)
  2 hound skeletons (D:7)
  6 adders
  9 gnolls
  A shadow imp (D:5)
  3 oozes
  4 worms
  6 giant geckos
  18 orcs
  3 bats
  5 giant cockroaches
  6 goblins
  8 hobgoblins
  5 quokkas
  2 ball pythons (D:1)
  A giant cockroach zombie (D:6)
  2 giant newts
  3 jackals (D:4)
  6 kobolds
  7 rats
142 creatures vanquished.

Vanquished Creatures (others)
  A toadstool (D:6)
1 creature vanquished.

Grand Total: 143 creatures vanquished

Notes
Turn   | Place    | Note
--------------------------------------------------------------
     0 | D:1      | kae the Draconian Transmuter began the quest for the Orb.
     0 | D:1      | Reached XP level 1. HP: 16/16 MP: 3/3
   576 | D:1      | Reached XP level 2. HP: 23/23 MP: 5/5
  1238 | D:2      | Found a shadowy altar of Dithmenos.
  1305 | D:2      | Reached skill level 4 in Unarmed Combat
  1843 | D:3      | Reached XP level 3. HP: 28/28 MP: 4/6
  1904 | D:3      | Reached XP level 4. HP: 21/35 MP: 7/7
  2058 | D:3      | Reached skill level 5 in Unarmed Combat
  2115 | D:3      | Found a shattered altar of Ashenzari.
  2309 | D:3      | Noticed Ijyb
  2333 | D:3      | Killed Ijyb
  2371 | D:3      | HP: 1/35 [orc priest/divine providence (13)]
  2372 | D:3      | Reached XP level 5. HP: 1/40 MP: 8/8
  2705 | D:3      | Noticed kae's ghost (average DsGl)
  2898 | D:2      | Learned a level 2 spell: Sticks to Snakes
  2902 | D:2      | Learned a level 3 spell: Spider Form
  4183 | D:4      | Reached skill level 6 in Unarmed Combat
  4273 | D:4      | Found an ancient bone altar of Kikubaaqudgha.
  4338 | D:4      | Found a staircase to the Ecumenical Temple.
  4584 | D:4      | Noticed an ogre
  4595 | D:4      | Killed an ogre
  4880 | D:5      | Entered Level 5 of the Dungeon
  4912 | D:5      | Reached XP level 6. HP: 44/47 MP: 9/9
  4962 | D:5      | Reached skill level 7 in Unarmed Combat
  5097 | Temple   | Entered the Ecumenical Temple
  5102 | Temple   | Became a worshipper of Qazlal Stormbringer
  5135 | D:5      | Noticed a centaur
  5151 | D:5      | Killed a centaur
  5648 | D:5      | Noticed a centaur
  5654 | D:5      | Killed a centaur
  5654 | D:5      | Reached skill level 8 in Unarmed Combat
  5773 | D:5      | Found Okhlot's Antique Armour Emporium.
  5775 | D:5      | Your scales start taking on a golden yellow colour.
  5775 | D:5      | Reached XP level 7. HP: 43/52 MP: 10/10
  5974 | D:5      | Found Loicur's Armour Emporium.
  6273 | D:5      | Found Ugucinuw's Armour Boutique.
  6278 | D:5      | Bought a +0 cloak of magic resistance for 126 gold pieces
  6278 | D:5      | Bought a +0 buckler for 49 gold pieces
  6796 | D:6      | Reached skill level 1 in Shields
  6975 | D:6      | Found a bloodstained altar of Trog.
  7151 | D:6      | Reached skill level 9 in Unarmed Combat
  7279 | D:6      | Reached XP level 8. HP: 54/59 MP: 11/11
  7290 | D:6      | Found a viscous altar of Jiyva.
  7368 | D:6      | Noticed a troll
  7610 | D:6      | Gained mutation: You passively map a small area around you. [potion of beneficial mutation]
  7622 | D:6      | Killed a troll
  7622 | D:6      | Reached skill level 10 in Unarmed Combat
  7733 | D:6      | Learned a level 5 spell: Blade Hands
  8020 | D:6      | Acquired Qazlal's first power
  8110 | D:6      | Found an opulent altar of Gozag.
  8132 | D:6      | Reached skill level 5 in Shields
  8738 | D:6      | Noticed Eustachio
  8752 | D:6      | Killed Eustachio
  8918 | D:6      | Reached XP level 9. HP: 61/64 MP: 12/12
  9254 | D:7      | Reached skill level 5 in Transmutations
  9708 | D:6      | Acquired Qazlal's second power
 10041 | D:7      | Slain by an orc warrior

Vault maps used:
D:1:      dpeg_arrival_stone_temple_mockup
D:2:      grunt_dithmenos_smoke_and_mirrors
D:3:      evilmike_ruin_ashenzari, uniq_iyjb
D:4:      kennysheep_mini, minmay_temple_entry_from_below_a
D:5:      first_bread, serial_shops, kennysheep_mini_moat, shop_statue,
          kennysheep_little_box
D:6:      trog_ov_bears_minmay, old_standard_altar, minivault_27,
          lasty_cornered_adventurer, uniq_eustachio
D:7:      hangedman_decor_peaks_small
Temple:   triangle_lava_temple_11

Action                   |  1- 3 |  4- 6 |  7- 9 || total
-------------------------+-------+-------+-------++-------
Melee: Unarmed           |   102 |   194 |   364 ||   660
 Cast: Beastly Appendage |    10 |     5 |    20 ||    35
       Spider Form       |       |       |     2 ||     2
  Use: Scroll            |       |     9 |    10 ||    19
       Potion            |       |       |     2 ||     2
 Stab: Sleeping          |     1 |       |     1 ||     2
  Eat: Chunk             |     2 |    10 |    15 ||    27
       Beef jerky        |       |     2 |       ||     2
